 Dungeon Crawl Stone Soup version 0.23-a0-126-g19e28b46dc (webtiles) character file.

68 Kolash the Vexing (level 4, -13/21 HPs)
             Began as a Spriggan Enchanter on Aug 26, 2018.
             Mangled by an ogre
             ... wielding a +0 giant club
              (18 damage)
             ... on level 3 of the Dungeon.
             The game lasted 00:06:07 (2540 turns).

Kolash the Vexing (Spriggan Enchanter)              Turns: 2540, Time: 00:06:07

Health: -13/21     AC:  3    Str:  4    XL:     4   Next: 1%
Magic:  16/20      EV: 18    Int: 17    God:
Gold:   50         SH:  0    Dex: 16    Spells: 2/11 levels left

rFire    . . .     SeeInvis +   a - +1 dagger
rCold    . . .     Gourm    .   (shield restricted)
rNeg     . . .     Faith    .   e - +0 robe (curse)
rPois    .         Spirit   .   (helmet restricted)
rElec    .         Reflect  .   i - +0 cloak
rCorr    .         Harm     .   (gloves unavailable)
MR       .....                  (boots unavailable)
Stlth    ++++......             (no amulet)
HPRegen  0.07/turn              c - ring of stealth
MPRegen  0.17/turn              f - ring of magical power

@: very quick
A: very small, unfitting armour, see invisible, herbivore, speed 3, slow
metabolism 2
a: no special abilities


You were on level 3 of the Dungeon.
You were not hungry.

You visited 1 branch of the dungeon, and saw 3 of its levels.

You collected 50 gold pieces.

Inventory:

Hand Weapons
 a - a +1 dagger (weapon)
Armour
 b - a +1 robe
 e - a cursed +0 robe (worn)
 i - a +0 cloak (worn)
Jewellery
 c - a ring of stealth (left hand)
 f - a ring of magical power (right hand)
Potions
 g - 4 potions of curing
 h - a potion of heal wounds {unknown}
Comestibles
 d - 3 rations


   Skills:
 - Level 1.1 Short Blades
 - Level 3.0 Dodging
 - Level 4.4 Stealth
 + Level 4.2 Spellcasting
 + Level 4.9 Hexes


You had 2 spell levels left.
You knew the following spells:

 Your Spells              Type           Power        Failure   Level  Hunger
a - Ensorcelled Hibernat  Hex/Ice        ##....       9%          2    ##.....
b - Corona                Hex            ###....      1%          1    None
c - Confuse               Hex            ###.....     6%          3    ###....
d - Tukima's Dance        Hex            ###.....     6%          3    ###....

Your spell library contained the following spells:

 Spells                   Type           Power        Failure   Level  Hunger
 Dazzling Spray           Conj/Hex       ##....       17%         3    ###....


Dungeon Overview and Level Annotations

Branches:
Dungeon (3/15)

Altars:
Sif Muna


Innate Abilities, Weirdness & Mutations

You are very small and have problems with some larger weapons.
You are too small for most types of armour.
You have supernaturally acute eyesight. (SInv)
You are a herbivore.
You cover ground extremely quickly.
You need to consume almost no food.


Message History

Press: ? - help, Shift-Dir - straight line, f - ogre
Aim: an ogre, wielding a giant club (chance to defeat MR: 43%)
The ogre resists with some effort.
The ogre hits you with a giant club!
Ouch! That really hurt!
* * * LOW HITPOINT WARNING * * *
Casting: Ensorcelled Hibernation (safe; 9% risk of failure)
Confirm with . or Enter, or press ? or * to list all spells.
Aiming: Ensorcelled Hibernation (safe; 9% risk of failure)
Press: ? - help, Shift-Dir - straight line, f/p - ogre
Aim: an ogre, wielding a giant club (chance to defeat MR: 43%)
The ogre looks drowsy...
A bat comes into view.
A hobgoblin comes into view.
You are too injured to fight recklessly!
The helpless ogre fails to defend itself.
You puncture the ogre!
The ogre is severely wounded.
The ogre hits you with a giant club!!
Ouch! That really hurt!
You die...

g≈♣≈ P≈≈≈
P≈b≈≈ ..≈.≈
## .≈≈≈
.#####.## #g.
........###O#
.#######.#@#
..... ##..#
.....#####.#
.........<.#
.........).#
####....###
##..## ♣P..P♣
♣♣P..♣


You could see an ogre, a hobgoblin, a goblin and a bat.

Vanquished Creatures
  Crazy Yiuf (D:3)
  An adder (D:2)
  4 dart slugs
  A leopard gecko (D:1)
  An orc (D:3)
  3 bats
  4 goblins
  3 hobgoblins
  2 frilled lizards (D:1)
  A kobold (D:1)
  A rat (D:2)
22 creatures vanquished.

Notes
Turn   | Place    | Note
-------+----------+-------------------------------------------
     0 | D:1      | Kolash the Spriggan Enchanter began the quest for the Orb.
     0 | D:1      | Reached XP level 1. HP: 9/9 MP: 5/5
  1037 | D:1      | Reached XP level 2. HP: 13/13 MP: 7/7
  1042 | D:1      | Learned a level 2 spell: Ensorcelled Hibernation
  1684 | D:2      | Reached XP level 3. HP: 16/16 MP: 9/9
  1689 | D:2      | Learned a level 3 spell: Confuse
  1693 | D:2      | Learned a level 3 spell: Tukima's Dance
  2055 | D:2      | Found a deep blue altar of Sif Muna.
  2341 | D:3      | Found a runed door.
  2345 | D:3      | Noticed Crazy Yiuf
  2356 | D:3      | Killed Crazy Yiuf
  2527 | D:3      | Noticed an ogre
  2534 | D:3      | Reached XP level 4. HP: 21/21 MP: 11/11
  2540 | D:3      | Mangled by an ogre

Vault maps used:
D:1:      co_arrival_square_in_a_square_in_a_square, minivault_4, minivault_14
D:2:      lemuel_crystal_altar, first_ration
D:3:      nicolae_overflow_crystal_walls, fedhas_altar_1,
          ebering_ghost_disaster_area, serial_bayou, serial_bayou_pond_b,
          serial_bayou_pond_c, serial_bayou_pond_b, serial_bayou_pond_c,
          serial_park_tiny_pond, saegor_snake_ambush, uniq_sigmund,
          uniq_jessica, uniq_crazy_yiuf_cottage

Skill      XL: |  1  2  3 |
---------------+----------+-----
Spellcasting   | 3 4 |  4.2
Hexes          | 4 |  4.9
Short Blades   | |  1.1
Dodging        | |  3.0
Stealth        | |  4.4

Action                   |  1- 3 |  4- 6 || total
-------------------------+-------+-------++-------
Melee: Dagger            |    55 |     1 ||    56
 Cast: Corona            |     2 |       ||     2
       Ensorcelled Hiber |     8 |     2 ||    10
  Use: Scroll            |     4 |       ||     4
 Stab: Sleeping          |    14 |     1 ||    15
Armor: Robe              |     4 |       ||     4
Dodge: Dodged            |    34 |       ||    34

Table legend:
 A = Non-vault XP
 B = Vault XP
 C = Vault XP percentage of total XP
 D = Non-vault monster count
 E = Vault monster count
 F = Vault count percentage of total count
                 A         B        C        D         E       F
            +---------+---------+-------+---------+---------+-------
      Total |      59 |      39 |  39.8 |      21 |       1 |   4.5
            +---------+---------+-------+---------+---------+-------
        D:1 |      30 |       0 |   0.0 |      13 |       0 |   0.0
        D:2 |      24 |       0 |   0.0 |       6 |       0 |   0.0
        D:3 |       5 |      39 |  88.6 |       2 |       1 |  33.3
            +---------+---------+-------+---------+---------+-------
